 Dungeon Crawl Stone Soup version 0.29-a0-1023-g6ae1a4a2c7 (webtiles) character file.

Game seed: 2491990417661296819

2 Sobieck the Shooter (level 1, -2/17 HPs)
             Began as a Demigod Hunter on Aug 11, 2022.
             Slain by Sigmund
             ... wielding a +0 scythe
              (6 damage)
             ... on level 2 of the Dungeon.
             The game lasted 00:00:27 (114 turns).

Sobieck the Shooter (Demigod Hunter)                 Turns: 114, Time: 00:00:28

Health: -2/17      AC:  3    Str: 12    XL:     1   Next: 20%
Magic:  3/3        EV: 12    Int: 11    God:
Gold:   21         SH:  0    Dex: 17    Spells: 0/0 levels left

rFire   . . .      SeeInvis .   a - +0 shortbow {bow}
rCold   . . .      Faith    .   (shield currently unavailable)
rNeg    . . .      Spirit   .   c - +0 leather armour
rPois   .          Reflect  .   (no helmet)
rElec   .          Harm     .   (no cloak)
rCorr   .          Rampage  .   (no gloves)
Will    .....                   (no boots)
Stlth   ++........              (no amulet)
HPRegen 0.05/turn               (no ring)
MPRegen 0.08/turn               (no ring)

@: no status effects
A: high MP 1, forlorn, divine attributes
a: no special abilities


You were on level 2 of the Dungeon.
You visited 1 branch of the dungeon, and saw 2 of its levels.

You collected 21 gold pieces.


Innate Abilities, Weirdness & Mutations

You have an increased reservoir of magic. (+10% MP)
You shall have no god before yourself.
Your divine heritage dramatically boosts your attributes as you level up.


   Skills:
 + Level 1.8 Fighting
 * Level 3.6 Ranged Weapons
 + Level 1.8 Dodging
 - Level 0.8 Stealth


You couldn't memorise any spells.
You didn't know any spells.
Your spell library was empty.

Inventory:

Hand Weapons
 a - a +0 shortbow (weapon) {bow}
Armour
 c - a +0 leather armour (worn)
Scrolls
 b - a scroll of immolation {!r!r}
 d - a scroll of enchant armour {unknown}

Dungeon Overview and Level Annotations

Branches:
Dungeon (2/15) Zot: 11880

Annotations:
D:2 Sigmund

## ## #..
.. #.# .
.. #.#
.##...
#l##......
#.@rS.....
#..##.....
#.@##.....
#>........
##.##.....
#.# ....
#.# ...
#.# .. #.#
#


You could see Sigmund (fast), an adder, a quokka and a frilled lizard.


Message History

🤖 Initializing magus.rc ...
Options error: Bad monster_list_colour key: strict_neutral (~/.crawlrc:4811) Bad channel name for runrest: 'pray:' ✅ Successfully initialized magus_sobieck.rc [v0.0.2] Welcome, Sobieck the Demigod Hunter.
The heart of this dungeon contains the glorious artefact, the Orb of Zot.
Press ? for a list of commands and other information.
Found a scroll labelled ALIALIA UHET.
Found a staircase leading out of the dungeon.
Unknown command.
Unknown command.
A kobold comes into view. It is wielding a +0 short sword.
The kobold moves out of view.
d - a scroll labelled ALIALIA UHET Unknown command.
Danger!
You shoot an arrow.
The arrow hits the kobold but does no damage.
You shoot an arrow. The arrow closely misses the kobold.
You shoot an arrow. The arrow barely misses the kobold.
The kobold hits you with a +0 short sword. x2
You shoot an arrow. The arrow hits the kobold!
You kill the kobold!
No target in view!
No target in view!
Things that are here:
a +0 short sword {short}; a kobold corpse You now have 12 gold pieces.
You now have 17 gold pieces (gained 5).
You now have 21 gold pieces (gained 4).
A sourceless malevolence fills the Dungeon...
You fall into a shaft and drop 1 floor!
The shaft crumbles and collapses.
Found an escape hatch in the floor.
Found a stone staircase leading down.
There is a stone staircase leading down here.
A ball python comes into view.
Danger!
You shoot an arrow. The ball python hisses angrily.
The arrow hits the ball python.
You hear a shout!
You shoot an arrow.
The arrow closely misses the ball python.
A quokka comes into view.
You shoot an arrow. The arrow hits the ball python.
You kill the ball python!
You hear an angry hiss.
Sigmund the Dreaded comes into view.
He is wielding a +0 scythe.
Unknown command.
You shoot an arrow. The arrow hits Sigmund.
You hear an angry hiss.
You shoot an arrow. The arrow hits Sigmund.
A frilled lizard comes into view.
Sigmund drinks a potion.
Sigmund seems to speed up.
Fire: a) +0 shortbow {bow}
Press: ? - help, Q - select action Shift-Dir - straight line, f/p - Sigmund
Aim: Sigmund, wielding a +0 scythe and wearing a +0 robe (lightly wounded, fast, 57% to hit)
You shoot an arrow. The arrow closely misses Sigmund.
You hear an angry hiss.
Sigmund casts a spell at you. The magic dart hits you. The quokka bites you.
Sigmund hits you from afar with a +0 scythe.
Fire: a) +0 shortbow {bow}
Press: ? - help, Q - select action Shift-Dir - straight line, f/p - Sigmund
Aim: Sigmund, wielding a +0 scythe and wearing a +0 robe (lightly wounded, fast, 57% to hit)
You shoot an arrow.
The arrow hits Sigmund but does no damage.
You hear an angry hiss.
The quokka closely misses you.
Sigmund hits you from afar with a +0 scythe.
* * * LOW HITPOINT WARNING * * *
The frilled lizard bites you but does no damage.
The quokka barely misses you.
Fire: a) +0 shortbow {bow}
Press: ? - help, Q - select action Shift-Dir - straight line, f/p - Sigmund
Aim: Sigmund, wielding a +0 scythe and wearing a +0 robe (lightly wounded, fast, 57% to hit)
You shoot an arrow. The arrow hits Sigmund!
Sigmund casts a spell at you. The magic dart hits you.
* * * LOW HITPOINT WARNING * * *
The quokka bites you but does no damage.
Sigmund closely misses you. The frilled lizard barely misses you.
An adder comes into view.
The quokka closely misses you. The frilled lizard barely misses you.
Fire: a) +0 shortbow {bow}
Press: ? - help, Q - select action Shift-Dir - straight line, f/p - Sigmund
Aim: Sigmund, wielding a +0 scythe and wearing a +0 robe (heavily wounded, fast, 57% to hit)
You shoot an arrow. The arrow closely misses Sigmund.
The adder hisses angrily.
Sigmund hits you from afar with a +0 scythe.
You die...

Action                   || total
-------------------------++-------
 Fire: Shortbow          ||    13
Armor: Leather armour    ||     2
Dodge: Dodged            ||     6

Levels and vault maps discovered:
D:1:      amcnicky_arrival_double_pillar, layout_rooms,
          hellmonk_ecumenical_altar_zigzags, serial_bayou,
          serial_bayou_lagoon_b, serial_bayou_pond_e, serial_bayou_pond_a,
          serial_bayou_crossing, serial_bayou_shore_b, serial_bayou_pond_e,
          due_unseen_surprise
D:2:      layout_loops_ring, minmay_heptomino_d4, uniq_natasha, uniq_sigmund

Notes
Turn   | Place    | Note
-------+----------+-------------------------------------------
     0 | D:1      | Sobieck the Demigod Hunter began the quest for the Orb.
     0 | D:1      | Reached XP level 1. HP: 17/17 MP: 3/3
   100 | D:1      | You fall into a shaft and drop 1 floor!
   108 | D:2      | Noticed Sigmund
   113 | D:2      | HP: 3/17 [Sigmund/magic dart (2)]
   114 | D:2      | Slain by Sigmund

Vanquished Creatures
  A kobold (D:1)
  A ball python (D:2)
2 creatures vanquished.

Table legend:
 A = Non-vault XP
 B = Vault XP
 C = Vault XP percentage of total XP
 D = Non-vault monster count
 E = Vault monster count
 F = Vault count percentage of total count
                 A         B        C        D         E       F
            +---------+---------+-------+---------+---------+-------
      Total |       3 |       0 |   0.0 |       2 |       0 |   0.0
            +---------+---------+-------+---------+---------+-------
        D:1 |       2 |       0 |   0.0 |       1 |       0 |   0.0
        D:2 |       1 |       0 |   0.0 |       1 |       0 |   0.0
            +---------+---------+-------+---------+---------+-------

Illustrated notes

Table legend:
 A = Kills in this place as a percentage of kills in entire the game.
 B = Kills by you in this place as a percentage of kills by you in the entire game.
 C = Kills by friends in this place as a percentage of kills by friends in the entire game.
 D = Other kills in this place as a percentage of other kills in the entire game.
 E = Experience gained in this place as a percentage of experience gained in the entire game.
 F = Experience gained in this place divided by the number of levels of this place that you have seen.
                   A       B       C       D       E      F
               +-------+-------+-------+-------+-------+----------------------
         Total | 100.0 | 100.0 |   N/A |   N/A | 100.0 |   1.5
       Dungeon | 100.0 | 100.0 |   N/A |   N/A | 100.0 |   1.5
               +-------+-------+-------+-------+-------+----------------------

Table legend: (Time is in decaauts)
 A = Elapsed time spent in this place.
 B = Non-inter-level travel time spent in this place.
 C = Inter-level travel time spent in this place.
 D = Time resting spent in this place.
 E = Time spent auto-exploring this place.
 F = Levels seen in this place.
 G = Mean time per level.
                   A        B        C        D        E       F      G
               +--------+--------+--------+--------+--------+-----+--------+
         Total |    118 |    118 |      0 |      0 |     97 |   2 |   59.0 |
       Dungeon |    118 |    118 |      0 |      0 |     97 |   2 |   59.0 |
               +--------+--------+--------+--------+--------+-----+--------+

Top non-repeatable levels by time:
     D:1: 101 daAuts
     D:2: 16 daAuts
